 Dungeon Crawl Stone Soup version 0.29-a0-397-g846e4a0bbc (webtiles) character file.

Game seed: 2236831291587629930

6164 Bruhh the Fighter (level 11, -11/85 HPs)
             Began as a Djinni Fire Elementalist on May 12, 2022.
             Was a High Priest of Jiyva.
             Mangled by a white ugly thing (45 damage)
             ... on level 11 of the Dungeon.
             The game lasted 00:16:14 (11215 turns).

Bruhh the Fighter (Djinni Fire Elementalist)       Turns: 11215, Time: 00:16:15

Health: -11/85     AC:  7    Str: 11    XL:     11   Next: 13%
Gold:   497        EV: 11    Int: 20    God:    Jiyva [*****.] SH:  0 Dex: 15

rFire   + + +      SeeInvis .   A - +3 dire flail (vorpal)
rCold   x x .      Faith    .   (shield currently unavailable)
rNeg    + . .      Spirit   .   w - +3 ring mail of Amelioration {Str+4}
rPois   ∞          Reflect  .   (no helmet)
rElec   .          Harm     .   (no cloak)
rCorr   +          Rampage  .   (no gloves)
Will    +....                   (boots unavailable)
Stlth   +.........              (no amulet)
HPRegen 1.68/turn               k - ring of fire
MPRegen 0.00/turn               j - ring of positive energy

@: flying
A: sickness immunity, fire resistance 2, cold vulnerability 1, float, innate
caster, HP casting, extra vitality 1, eyeballs 1, pseudopods 3
a: Renounce Religion, Oozemancy, Slimify


You were on level 11 of the Dungeon.
You worshipped Jiyva.
Jiyva was extremely pleased with you.
You visited 1 branch of the dungeon, and saw 11 of its levels.
You also visited: Sewer.

You collected 497 gold pieces.

Inventory:

Hand Weapons
 g - a +0 flail of draining
 p - a +0 falchion of holy wrath
 A - a +3 vorpal dire flail (weapon)
 G - a +4 morningstar
Missiles
 y - 2 throwing nets
Armour
 a - a +0 robe
 w - the +3 ring mail of Amelioration (worn) {Str+4}
   (You found it on level 5 of the Dungeon)

   Str:       It affects your strength (+4).
Jewellery
 j - a ring of positive energy (right hand)
 k - a ring of fire (left hand)
 I - a +6 ring of dexterity
Wands
 e - a wand of flame (44)
 m - a wand of acid (8)
 q - a wand of iceblast (11)
 z - a wand of digging (4)
 B - a wand of mindburst (29)
 H - a wand of paralysis (13)
Scrolls
 b - 3 scrolls of magic mapping {unknown}
 c - 13 scrolls of identify {unknown}
 f - 3 scrolls of noise {unknown}
 o - 4 scrolls of enchant weapon {unknown}
 r - a scroll of fear {unknown}
 C - a scroll of immolation {unknown}
 D - 3 scrolls of torment {unknown}
 E - a scroll of amnesia {unknown}
 F - a scroll of fog {unknown}
Potions
 d - 5 potions of curing
 h - 3 potions of invisibility {unknown}
 i - 3 potions of haste {unknown}
 l - 2 potions of heal wounds
 n - a potion of flight {unknown}
 s - a potion of lignification {unknown}
 t - a potion of might {unknown}
 u - 2 potions of mutation {unknown}
 v - a potion of magic {unknown}
 x - 3 potions of attraction {unknown}


   Skills:
 - Level 10.0 Fighting
 + Level 8.0 Armour
 - Level 2.1 Dodging
 - Level 1.5 Stealth
 - Level 8.0 Spellcasting


You couldn't memorise any spells.
You knew the following spells:

 Your Spells              Type           Power      Damage    Failure   Level
a - Foxfire               Conj/Fire      100%       2x1d9     1%          1
b - Scorch                Fire           100%       2d10      1%          2
c - Conjure Flame         Conj/Fire      56%        6-21      1%          3
d - Inner Flame           Hex/Fire       56%        N/A       1%          3
e - Flame Wave            Conj/Fire      56%        2d11      6%          4
f - Magic Dart            Conj           100%       1d8       1%          1
g - Searing Ray           Conj           80%        2d7       1%          2
h - Gell's Gravitas       Tloc           40%        N/A       1%          3
i - Summon Guardian Gole  Hex/Summ       40%        N/A       1%          3
j - Manifold Assault      Tloc           40%        N/A       19%         5
Your spell library was empty.

Dungeon Overview and Level Annotations

Branches:
Dungeon (11/15)            Temple (0/1) D:5             Orc (0/2) D:11
  Sewer (visited)
   Lair: D:8-11

Altars:
Makhleb
Okawaru
Beogh

Shops:
D:4 **   D:5 !   D:11 [(


Innate Abilities, Weirdness & Mutations

You are immune to sickness and miasma.
You are immune to poison.
Your flesh is very heat resistant. (rF++)
You are vulnerable to cold. (rC-)
You float through the air rather than walking.
You learn spells naturally, not from books.
Your magical power is your life essence.
You have superior vitality. (+4 MHP)
Your body has grown eyes which may confuse attackers. (Acc +3)
Armour fits poorly on your massive pseudopods.


Message History

Confirm with . or Enter, or press ? or * to list all spells.
You feel a surge of power!
Flames lash the howler monkey.
The howler monkey is severely wounded.
The howler monkey's fire resistance burns away.
The howler monkey barely misses you.
Unknown command.
Casting: Scorch (safe; 1% risk of failure)
Confirm with . or Enter, or press ? or * to list all spells.
You feel a surge of power!
Flames lash the howler monkey.
The howler monkey is burned terribly!
You kill the howler monkey!
The howler monkey hits you but does no damage.
Your Armour skill increases to level 8!
Casting: Scorch (safe; 1% risk of failure)
Confirm with . or Enter, or press ? or * to list all spells.
You feel a surge of power!
Flames lash the howler monkey.
The howler monkey is burned terribly!
You kill the howler monkey!
Unknown command.
You start resting.
HP restored.
You start waiting.
Done waiting.
You fly downwards.
The white ugly thing bites you but does no damage.
The black bear bites you but does no damage.
The black bear claws you but does no damage.
The black bear barely misses you. The white ugly thing bites you.
The white ugly thing freezes you!!!
You feel a terrible chill!
You shudder from the blow and a jelly pops out!
There is a stone staircase leading up here.
The shadow barely misses your quicksilver ooze.
The black bear bites you but does no damage.
The black bear claws you.
The black bear claws you but does no damage.
The bullfrog snags a nearby blue-tailed skink with its tongue.
The white ugly thing bites you! The white ugly thing freezes you!!!
You feel a terrible chill!
Ouch! That really hurt!
You die...

..............
.#............
#.............[
#...............
#....................P
#....W................
#...uhJ..............P
###...@....$$..$?......
..........$.............
......>...F.∩.>.∩.$.....
.###.......(.....†$.....
##......[$....$[)....
#...............)...
#.........[.........
##......[...........
.#..................


You could see a white ugly thing (ally target), a black bear, a shadow, a
bullfrog and a friendly quicksilver ooze (summoned).

Vanquished Creatures
  A two-headed ogre (D:8)
  A cyclops (D:11)
  A troll (D:11)
  A hornet (D:7)
  2 wyverns
  Edmund (D:6)
  2 ice beasts
  A water moccasin (D:6)
  3 orc warriors
  5 sky beasts
  An ogre (D:6)
  5 kobold brigands
  3 bullfrogs
  A gnoll sergeant (D:8)
  4 scorpions
  17 wights
  4 killer bees (D:9)
  9 howler monkeys
  3 orc priests
  3 hounds
  4 jellies
  Jessica (D:2)
  5 iguanas
  9 orc wizards
  Robin (D:1)
  8 gnolls
  8 adders
  A shadow imp (D:6)
  4 ufetubi
  4 worms
  2 dart slugs
  40 orcs
  22 endoplasms
  7 giant cockroaches
  14 goblins
  11 hobgoblins
  6 jackals
  32 kobolds
  10 quokkas
  8 ball pythons
  6 bats
  2 frilled lizards
  7 rats (Sewer)
280 creatures vanquished.

Vanquished Creatures (others)
  A water moccasin (D:6)
  A bullfrog (D:8)
  A wight (D:8)
  9 jellies
  A hound (D:6)
  An iguana (D:5)
  An orc wizard (D:7)
  A gnoll (D:8)
  An adder (D:5)
  3 orcs (D:8)
  A ball python (D:4)
  28 foxfires (D:1)
  13 fungi
  21 plants
  8 toadstools (D:3)
91 creatures vanquished.

Grand Total: 371 creatures vanquished

Notes
Turn   | Place    | Note
-------+----------+-------------------------------------------
     0 | D:1      | Bruhh the Djinni Fire Elementalist began the quest for the
                  | Orb.
     0 | D:1      | Reached XP level 1. HP: 15/15 MP: 0/0
   314 | D:1      | Reached XP level 2. HP: 17/21 MP: 0/0
  1046 | D:1      | Reached XP level 3. HP: 23/25 MP: 0/0
  1046 | D:1      | Learned a level 1 spell: Magic Dart
  1680 | D:2      | Noticed Robin
  2592 | D:1      | Killed Robin
  2593 | D:1      | Reached XP level 4. HP: 9/31 MP: 0/0
  3773 | D:2      | Found an iron altar of Okawaru.
  3842 | D:2      | Noticed Jessica
  3851 | D:2      | Killed Jessica
  3852 | D:2      | Reached XP level 5. HP: 31/35 MP: 0/0
  3852 | D:2      | Learned a level 2 spell: Searing Ray
  4775 | D:3      | Reached XP level 6. HP: 33/40 MP: 0/0
  4951 | D:3      | Found a faded altar of an unknown god.
  5454 | D:3      | Reached skill level 5 in Spellcasting
  6039 | D:4      | Reached XP level 7. HP: 3/45 MP: 0/0
  6039 | D:4      | Learned a level 3 spell: Gell's Gravitas
  6427 | D:4      | Found a glowing drain.
  6451 | Sewer    | Entered a sewer
  7031 | Sewer    | Found a viscous altar of Jiyva.
  7106 | Sewer    | Became a worshipper of Jiyva Jatric the Shapeless
  7403 | D:4      | Found Elissiev's General Store.
  7404 | D:4      | Found Fipa's Specific Store.
  7452 | D:5      | Entered Level 5 of the Dungeon
  7532 | D:5      | Reached * piety under Jiyva
  7536 | D:5      | Identified the +3 ring mail of Amelioration {Str+4}
  7667 | D:5      | Reached XP level 8. HP: 13/50 MP: 0/0
  7985 | D:5      | Found Jaekku's Distillery.
  7988 | D:5      | Found a staircase to the Ecumenical Temple.
  8073 | D:5      | Reached ** piety under Jiyva
  8317 | D:6      | Noticed Edmund
  8321 | D:6      | Killed Edmund
  8449 | D:6      | Reached skill level 1 in Fighting
  8473 | D:6      | Reached skill level 2 in Fighting
  8522 | D:6      | Reached skill level 3 in Fighting
  8522 | D:6      | Reached XP level 9. HP: 59/61 MP: 0/0
  8522 | D:6      | Learned a level 3 spell: Summon Guardian Golem
  8796 | D:6      | Reached *** piety under Jiyva
  8901 | D:6      | Reached skill level 4 in Fighting
  8919 | D:6      | Reached skill level 5 in Fighting
  8928 | D:6      | Reached skill level 6 in Fighting
  9154 | D:7      | Reached skill level 7 in Fighting
  9156 | D:7      | Noticed an eight-headed hydra
  9207 | D:7      | Reached skill level 8 in Fighting
  9265 | D:7      | Reached XP level 10. HP: 75/77 MP: 0/0
  9332 | D:7      | Reached skill level 9 in Fighting
  9370 | D:7      | Gained mutation: Armour fits poorly on your pseudopods.
                  | [Jiyva's grace]
  9370 | D:7      | Gained mutation: Armour fits poorly on your large
                  | pseudopods. [Jiyva's grace]
  9370 | D:7      | Gained mutation: Armour fits poorly on your massive
                  | pseudopods. [Jiyva's grace]
  9370 | D:7      | Gained mutation: Your body has grown eyes which may confuse
                  | attackers. (Acc +3) [Jiyva's grace]
  9760 | D:8      | Reached skill level 10 in Fighting
  9761 | D:8      | Reached skill level 1 in Armour
  9861 | D:8      | Reached **** piety under Jiyva
  9901 | D:8      | Found a burning altar of Makhleb.
  9952 | D:8      | Found a runed translucent door.
  9964 | D:8      | Noticed a two-headed ogre
  9969 | D:8      | Killed a two-headed ogre
 10462 | D:8      | Reached skill level 5 in Armour
 10558 | D:8      | Identified the +1 ring mail "Borom" {Str+2}
 11039 | D:9      | You are sucked into a shaft and drop 2 floors!
 11040 | D:11     | Found Neppomp's Armour Emporium.
 11040 | D:11     | Found a staircase to the Orcish Mines.
 11040 | D:11     | Found Potim's Weapon Emporium.
 11050 | D:11     | Noticed a cyclops
 11057 | D:11     | Killed a cyclops
 11058 | D:11     | Reached XP level 11. HP: 73/85 MP: 0/0
 11058 | D:11     | Learned a level 5 spell: Manifold Assault
 11060 | D:11     | Reached ***** piety under Jiyva
 11070 | D:11     | Noticed a white ugly thing
 11082 | D:10     | Entered Level 10 of the Dungeon
 11215 | D:11     | Mangled by a white ugly thing

Illustrated notes

Levels and vault maps discovered:
D:1:      scummos_arrival_star, layout_loops_ring,
          chequers_serial_rivers_large_a
D:2:      layout_loops_ring, basic_altar, st_stairs_2, uniq_crazy_yiuf_cottage,
          uniq_robin, uniq_jessica
D:3:      cheibrodos_fertilizer, layout_basic,
          hellmonk_ecumenical_altar_inner_sanctum,
          minmay_misc_feat_more_columns, serial_bayou_ford_a
D:4:      layout_rooms, gup_sewer_entry_pipe, nicolae_specific_store
D:5:      layout_gridville, temple_fountains, serial_shops, nicolae_shop_trees
D:6:      minmay_chambers_of_threes, layout_loops_ring, uniq_edmund
D:7:      hangedman_cross_stitches, layout_rooms
D:8:      layout_loops_ring, kennysheep_little_box, lightli_church_of_beogh
D:9:      layout_basic, minmay_stone_trees_small
D:10:     layout_roguey, minmay_diamond_spiral
D:11:     layout_layer_cave, due_lair_maze_entry_diamond, orc_david_3,
          minivault_21

Skill      XL: |  1  2  3  4  5  6  7  8  9 10 11 |
---------------+----------------------------------+-----
Spellcasting   | 3 4 5 6 8 |  8.0
Fighting       | 3 8 10 | 10.0
Armour         | 7 8 |  8.0
Dodging        | |  2.1
Stealth        | |  1.5

Action                   |  1- 3 |  4- 6 |  7- 9 | 10-12 || total
-------------------------+-------+-------+-------+-------++-------
Melee: Unarmed           |    15 |       |       |       ||    15
       Flail             |       |     4 |       |       ||     4
       Falchion          |       |       |    16 |       ||    16
       Dire flail        |       |       |     4 |     2 ||     6
 Cast: Foxfire           |    17 |       |       |       ||    17
       Scorch            |    31 |    83 |   129 |   100 ||   343
       Inner Flame       |       |     2 |     4 |    11 ||    17
       Searing Ray       |       |     2 |     1 |     2 ||     5
       Gell's Gravitas   |       |       |     9 |     4 ||    13
       Flame Wave        |       |       |     2 |     7 ||     9
       Magic Dart        |       |       |       |     1 ||     1
Invok: Oozemancy         |       |       |       |     1 ||     1
  Use: Potion            |     1 |       |       |     2 ||     3
Armor: Robe              |    11 |     1 |     4 |       ||    16
       Ring mail         |       |       |    23 |    20 ||    43
Dodge: Dodged            |    40 |    27 |    42 |    34 ||   143

Table legend: (Time is in decaauts)
 A = Elapsed time spent in this place.
 B = Non-inter-level travel time spent in this place.
 C = Inter-level travel time spent in this place.
 D = Time resting spent in this place.
 E = Time spent auto-exploring this place.
 F = Levels seen in this place.
 G = Mean time per level.
                   A        B        C        D        E       F      G
               +--------+--------+--------+--------+--------+-----+--------+
         Total |  11223 |  10934 |    289 |   1894 |   7759 |  12 |  935.2 |
       Dungeon |  10553 |  10264 |    289 |   1894 |   7225 |  11 |  959.4 |
         Sewer |    670 |    670 |      0 |      0 |    534 |   1 |  670.0 |
               +--------+--------+--------+--------+--------+-----+--------+

Top non-repeatable levels by time:
     D:1: 3062 daAuts
     D:3: 1651 daAuts
     D:4: 1047 daAuts
     D:8: 1033 daAuts
     D:2: 1028 daAuts
     D:5: 865 daAuts
     D:6: 815 daAuts
   Sewer: 670 daAuts
     D:7: 442 daAuts
     D:9: 431 daAuts
    D:10: 131 daAuts
    D:11: 44 daAuts
